[Event "Titled Tuesday Blitz August 16 Early 2022"]
[White "Leiva, Gianmarco"]
[Black "Langner, Ladislav"]
[WhiteFideId "3804399"]
[BlackFideId "300403"]
[WhiteElo "2323"]
[BlackElo "2346"]
[Result "1-0"]
[Round "02"]
[TimeControl "180+2"]
[Date "2022.08.18"]
[WhiteClock "0:00:00"]
[BlackClock "0:00:00"]

1. e4 c5 2. Nf3 e6 3. c3 Nf6 4. Bd3 Nc6 5. Bc2 d5 6. e5 Nd7 7. d4 cxd4 8. cxd4 Nb4 9. Bb3 b6 10. a3 Nc6 11. O-O Ba6 12. Re1 Na5 13. Bc2 Rc8 14. Nc3 Nc4 15. Ng5 Be7 16. Qh5 g6 17. Qh6 Bf8 18. Qh3 Be7 19. Bxg6 Bxg5 20. Bxf7+ Kxf7 21. Qh5+ Kg8 22. Bxg5 Qe8 23. Qh3 Qg6 24. Bf6 Nxf6 25. Qxe6+ Qf7 26. Qh3 Ne4 27. Nxe4 dxe4 28. Rxe4 h5 29. b3 Nd2 30. Re3 Rh7 31. e6 Qe7 32. d5 Rd8 33. Re5 Rg7 34. Kh1 Nxb3 35. Rxh5 Rh7 36. Rxh7 Qxh7 37. Qxb3 Qe4 38. Qg3+ Kf8 39. Qc7 Qxd5 40. Qf7# 1-0


[Site "https://www.chess.com"]

[Event "Titled Tuesday Blitz August 16 Early 2022"]
[White "Leve, Nitai"]
[Black "Agasarov, Benik"]
[WhiteFideId "2006898"]
[BlackFideId "13314823"]
[WhiteElo "2144"]
[BlackElo "2152"]
[Result "0-1"]
[Round "02"]
[TimeControl "180+2"]
[Date "2022.08.18"]
[WhiteClock "0:00:00"]
[BlackClock "0:00:00"]

1. e4 e5 2. Nf3 Nc6 3. Bb5 Nf6 4. d4 exd4 5. O-O Bc5 6. Re1 O-O 7. e5 Nd5 8. c3 d6 9. cxd4 Bb4 10. Bd2 Bg4 11. Bxc6 bxc6 12. Bxb4 Nxb4 13. Nbd2 Nd3 14. Re3 Nf4 15. Re4 Bxf3 16. Nxf3 Ng6 17. Rc1 Qd7 18. Qa4 Rfb8 19. b3 Rb6 20. g3 Qf5 21. Re3 Ne7 22. exd6 Nd5 23. Rce1 Nxe3 24. Rxe3 cxd6 25. Qc4 h6 26. h4 a5 27. Kg2 Qd5 28. Qc3 a4 29. bxa4 Qxa2 30. Kh2 Qxf2+ 31. Kh3 Qf1+ 32. Kh2 Rb1 0-1


[Site "https://www.chess.com"]

[Event "Titled Tuesday Blitz August 16 Early 2022"]
[White "Liu, Casper"]
[Black "Kuchava, Ana"]
[WhiteFideId "1454153"]
[BlackFideId "13605348"]
[WhiteElo "2025"]
[BlackElo "1955"]
[Result "1-0"]
[Round "02"]
[TimeControl "180+2"]
[Date "2022.08.18"]
[WhiteClock "0:00:00"]
[BlackClock "0:00:00"]

1. e4 c5 2. d4 cxd4 3. c3 dxc3 4. Nxc3 Nc6 5. Bc4 e6 6. Nge2 Nf6 7. Bg5 Be7 8. O-O O-O 9. f4 d6 10. Kh1 a6 11. a4 Bd7 12. Bxf6 Bxf6 13. Qxd6 Be7 14. Qd3 Nb4 15. Qh3 Rc8 16. Bb3 Bc6 17. Rad1 Qb6 18. f5 exf5 19. Qxf5 Rcd8 20. Bxf7+ Kh8 21. Qh5 Nc2 22. Bg6 h6 23. Bf5 Be8 24. Qh3 Rxd1 25. Rxd1 Ne3 26. Nd5 Nxd5 27. exd5 Bxa4 28. Rd2 Bb4 29. Rd3 Bb5 30. Re3 Rxf5 31. Qxf5 Qxe3 32. Qc8+ Kh7 33. Qf5+ Kh8 34. Qc8+ Qe8 35. Qxe8+ Bxe8 36. Nd4 Bc5 37. Ne6 Bd6 38. h3 Bb5 39. Nd8 Bc4 40. Nf7+ Kg8 41. Nxd6 Bxd5 42. Kg1 Kf8 43. g4 Ke7 44. Nf5+ Kf6 45. Kf2 Be6 46. Nd6 b5 47. Ke3 Bd7 48. Kd4 Ke6 49. Nf5 g6 50. Nxh6 a5 51. h4 a4 52. Kc5 Kf6 53. Ng8+ Kg7 54. Ne7 Kf7 55. Nd5 Ke8 56. Nf6+ Ke7 57. Nxd7 Kxd7 58. h5 gxh5 59. gxh5 Ke6 60. h6 Kf6 61. Kxb5 Kg6 62. Kxa4 Kxh6 63. b4 Kg6 64. b5 Kf6 65. b6 Ke6 66. b7 Kd7 67. b8=Q 1-0


[Site "https://www.chess.com"]

[Event "Titled Tuesday Blitz August 16 Early 2022"]
[White "Lobanov, Sergei"]
[Black "Fernandez, Fernando"]
[WhiteFideId "24183750"]
[BlackFideId "3802299"]
[WhiteElo "2524"]
[BlackElo "2292"]
[Result "1-0"]
[Round "02"]
[TimeControl "180+1"]
[Date "2022.08.16"]
[WhiteClock "0:00:12"]
[BlackClock "0:00:08"]

1. Nf3 d5 2. e3 Nf6 3. b3 Bf5 4. Bb2 e6 5. d4 Bd6 6. Nbd2 Nbd7 7. Bd3 Ne4 8. Qe2 Qf6 9. c4 c6 10. O-O-O O-O 11. g4 Bxg4 12. Nxe4 dxe4 13. Bxe4 Qh6 14. h3 Bf5 15. Bc2 Nf6 16. Nd2 Bb4 17. Bxf5 exf5 18. Nf3 Ne4 19. Ne5 a5 20. Rhg1 a4 21. a3 Bc3 22. b4 Bxb2+ 23. Kxb2 Rfe8 24. Qf3 f6 25. Nd3 Nd6 26. Rc1 b5 27. cxb5 cxb5 28. Rc7 g6 29. Qd5+ 1-0


[Site "https://www.chess.com"]

[Event "Titled Tuesday Blitz August 16 Early 2022"]
[White "Mahdavi, Reza"]
[Black "Proudian, Armen"]
[WhiteFideId "12595926"]
[BlackFideId "2130734"]
[WhiteElo "2226"]
[BlackElo "2380"]
[Result "1-0"]
[Round "02"]
[TimeControl "180+2"]
[Date "2022.08.18"]
[WhiteClock "0:00:00"]
[BlackClock "0:00:00"]

1. e4 e5 2. f4 exf4 3. Nf3 Ne7 4. d4 d5 5. e5 Ng6 6. Bd3 Be7 7. Qe2 Bh4+ 8. Nxh4 Qxh4+ 9. Qf2 Qxf2+ 10. Kxf2 O-O 11. Nc3 Be6 12. Ne2 f6 13. Bxg6 hxg6 14. Nxf4 Bf5 15. Nxd5 Nc6 16. exf6 Bxc2 17. Bf4 Be4 18. Nxc7 Rxf6 19. Nxa8 Rxf4+ 20. Ke3 Rg4 21. h3 Rh4 22. g3 Bxh1 23. gxh4 Bg2 24. Rg1 Bxh3 25. Rxg6 Kf7 26. Rg5 Be6 27. Nc7 Bxa2 28. Nb5 b6 29. Nd6+ Ke6 30. Nf5 Nb4 31. Nxg7+ Kf7 32. Nf5 Bb1 33. Nd6+ Ke6 34. Ne4 Nc2+ 35. Kf4 Nxd4 36. Re5+ Kf7 37. Ng5+ Kf6 38. Re8 Bg6 39. Ra8 Nb5 40. Ne4+ Ke6 41. Rg8 Kf7 42. Rb8 Ke6 43. Ng5+ Kd5 44. Rg8 Bh5 45. Rh8 Bd1 46. h5 Nd4 47. h6 Bc2 48. h7 Bxh7 49. Rxh7 Kc4 50. Rxa7 Kb3 51. Rd7 Ne2+ 52. Ke3 Ng3 53. Rb7 Kxb2 54. Rxb6+ Kc3 55. Ne4+ Nxe4 56. Kxe4 Kc4 57. Rd6 Kb5 58. Rd5+ Kc4 59. Ke5 Kc3 60. Rd4 Kb2 61. Kd5 Ka1 62. Rd2 Kb1 63. Kd4 Kc1 64. Kc3 Kb1 65. Rc2 Ka1 66. Kb3 Kb1 67. Rc3 Ka1 68. Rc1# 1-0


[Site "https://www.chess.com"]

[Event "Titled Tuesday Blitz August 16 Early 2022"]
[White "Maksimenko, Viktor"]
[Black "Acor, Corey"]
[WhiteFideId "13710478"]
[BlackFideId "2024861"]
[WhiteElo "2269"]
[BlackElo "2340"]
[Result "0-1"]
[Round "02"]
[TimeControl "180+1"]
[Date "2022.08.16"]
[WhiteClock "0:00:04"]
[BlackClock "0:00:02"]

1. d4 Nf6 2. c4 e5 3. dxe5 Ng4 4. e3 Nxe5 5. Nh3 Ng6 6. g3 Nc6 7. Bg2 Nge5 8. Qe2 Bb4+ 9. Bd2 d6 10. O-O Bxd2 11. Nxd2 O-O 12. Nf4 Bg4 13. Qe1 Re8 14. Qc1 Bf5 15. Qc3 a5 16. b3 h6 17. Rad1 Nd7 18. Nd5 Nc5 19. Nf3 Be4 20. Rd2 Bxd5 21. Rxd5 Nb4 22. Rdd1 Nxa2 23. Qb2 Nb4 24. Nd4 Qf6 25. Qd2 c6 26. Ra1 Qe5 27. h4 Ne4 28. Qe2 d5 29. cxd5 Nxd5 30. Qd1 Ndc3 31. Qc2 Rad8 32. Nf3 Qc5 33. Nd4 Nxg3 34. Rfc1 Rxd4 35. exd4 Nge2+ 36. Kf1 Qb5 37. Be4 Nxc1+ 38. Bd3 Qxd3+ 0-1


[Site "https://www.chess.com"]

[Event "Titled Tuesday Blitz August 16 Early 2022"]
[White "Maltsevskaya, Aleksandra"]
[Black "Fernandez Siles, Luis"]
[WhiteFideId "24174041"]
[BlackFideId "2209420"]
[WhiteElo "2243"]
[BlackElo "2211"]
[Result "0-1"]
[Round "02"]
[TimeControl "180+2"]
[Date "2022.08.18"]
[WhiteClock "0:00:00"]
[BlackClock "0:00:00"]

1. e4 c5 2. Nf3 Nc6 3. d4 cxd4 4. Nxd4 Nf6 5. Nc3 e5 6. Ndb5 d6 7. Bg5 a6 8. Na3 b5 9. Nd5 Be7 10. Bxf6 Bxf6 11. c3 O-O 0-1


[Site "https://www.chess.com"]

[Event "Titled Tuesday Blitz August 16 Early 2022"]
[White "Malyi, Viacheslav"]
[Black "Yuan, Qingyu"]
[WhiteFideId "14123983"]
[BlackFideId "8609772"]
[WhiteElo "2190"]
[BlackElo "2359"]
[Result "1/2-1/2"]
[Round "02"]
[TimeControl "180+2"]
[Date "2022.08.18"]
[WhiteClock "0:00:00"]
[BlackClock "0:00:00"]

1. e4 c6 2. d4 d5 3. Nc3 dxe4 4. Nxe4 Nf6 5. Nxf6+ exf6 6. Bd3 Qxd4 7. Nf3 Qd6 8. O-O Be7 9. Nh4 g6 10. Bh6 Be6 11. Re1 Nd7 12. Qf3 Ne5 13. Qe3 Nxd3 14. cxd3 Qc5 15. Qxc5 Bxc5 16. Bg7 Rg8 17. Bxf6 g5 18. Nf3 h6 19. Nd4 Kd7 20. Rac1 Bd6 21. a3 Rae8 22. Nxe6 Rxe6 23. Rxe6 Kxe6 24. Bd4 Bb8 25. Re1+ Kd7 26. g4 b6 27. Bf6 Bd6 28. Kg2 Rg6 29. Bc3 h5 30. h3 hxg4 31. hxg4 Rh6 32. Rh1 Rxh1 33. Kxh1 Ke6 34. Kg2 Be5 35. Kf3 Kd5 36. Ke3 Bf4+ 37. Ke2 Be5 38. Ke3 c5 39. f3 Bf4+ 40. Ke2 Be5 41. Ke3 b5 42. Kd2 Bd4 43. Ke2 Ke5 44. Ke1 Bxc3+ 45. bxc3 a5 46. Kd2 b4 47. axb4 axb4 48. d4+ Kd5 49. dxc5 b3 50. c4+ Kxc5 51. Kc3 b2 52. Kxb2 Kxc4 53. Kc2 Kd4 54. Kd2 f6 55. Ke2 Ke5 56. Ke3 f5 57. gxf5 Kxf5 58. Ke2 Ke5 59. Ke3 Kf5 60. Ke2 Kf4 61. Kf2 Ke5 62. Ke3 Kf5 1/2-1/2


[Site "https://www.chess.com"]

[Event "Titled Tuesday Blitz August 16 Early 2022"]
[White "Marin Ramirez, Gerardo"]
[Black "Derjabin, Ilja"]
[WhiteFideId "3901068"]
[BlackFideId "14104768"]
[WhiteElo "1920"]
[BlackElo "2341"]
[Result "1-0"]
[Round "02"]
[TimeControl "180+2"]
[Date "2022.08.18"]
[WhiteClock "0:00:00"]
[BlackClock "0:00:00"]

1. d4 Nf6 2. c4 c5 3. Nf3 cxd4 4. Nxd4 e5 5. Nf3 Nc6 6. e3 Bb4+ 7. Bd2 Bxd2+ 8. Qxd2 O-O 9. Nc3 e4 10. Nd4 Re8 11. Ndb5 Ne5 12. Nd6 Re6 13. c5 b6 14. b4 bxc5 15. bxc5 Qc7 16. Rc1 Nd3+ 17. Bxd3 exd3 18. Ncb5 Qc6 19. O-O Ba6 20. Nd4 Ne4 21. Qa5 d2 22. Nxc6 Bxf1 23. Rxf1 Nxd6 24. Qxd2 dxc6 25. cxd6 Rd8 26. d7 Re7 27. Rd1 g6 28. Qd6 1-0


[Site "https://www.chess.com"]

[Event "Titled Tuesday Blitz August 16 Early 2022"]
[White "Marra, Eduardo da Costa"]
[Black "Tarasova, Viktoriya"]
[WhiteFideId "2106990"]
[BlackFideId "4175840"]
[WhiteElo "2250"]
[BlackElo "2182"]
[Result "0-1"]
[Round "02"]
[TimeControl "180+2"]
[Date "2022.08.18"]
[WhiteClock "0:00:00"]
[BlackClock "0:00:00"]

1. e4 e5 2. Nf3 Nc6 3. Bc4 Bc5 4. d3 Nf6 5. Bg5 h6 6. Bh4 Be7 7. Nc3 d6 8. a4 O-O 9. Bg3 Bg4 10. h3 Bh5 11. Bh2 Nd4 12. g4 Nxf3+ 13. Qxf3 Bg6 14. h4 Nd7 15. Bg3 c6 16. g5 h5 17. Qe2 a6 18. a5 Nc5 19. f4 exf4 20. Bxf4 Ne6 21. Be3 Qd7 22. O-O-O Nc7 23. Bb3 d5 24. Bb6 d4 25. Na4 Ne6 26. Rhf1 Bd6 27. Kb1 c5 28. Qf3 Rac8 29. Qh3 Rfe8 30. Rf3 c4 31. dxc4 Bxe4 32. Rf2 Be5 33. Re2 Qc6 34. Rde1 Nf4 35. Qf1 Nxe2 36. Qxe2 Bg6 37. c5 Bg3 38. Bc4 Rxe2 39. Rxe2 Re8 40. Rd2 Qxa4 41. b3 Qc6 42. Kb2 Be5 43. Ka3 Qd7 44. c6 Qe7+ 45. b4 bxc6 46. Bxa6 Rb8 47. Bc5 Qe6 48. Be2 Kh7 49. a6 Ra8 50. a7 Qd7 51. Kb3 Rxa7 52. Bxa7 Qxa7 53. Bc4 Qe7 54. Re2 Bf5 55. Re1 Qd6 56. Rf1 Be6 57. Re1 Bxc4+ 58. Kxc4 Qd5+ 59. Kd3 Bg3 60. Re4 Qf5 61. Kxd4 Bf2+ 62. Kd3 Qf3+ 0-1


[Site "https://www.chess.com"]

[Event "Titled Tuesday Blitz August 16 Early 2022"]
[White "Martin, Lewis"]
[Black "Taboas Rodriguez, Daniel"]
[WhiteFideId "410551"]
[BlackFideId "2208466"]
[WhiteElo "2145"]
[BlackElo "2429"]
[Result "0-1"]
[Round "02"]
[TimeControl "180+2"]
[Date "2022.08.18"]
[WhiteClock "0:00:00"]
[BlackClock "0:00:00"]

1. e4 e5 2. Nf3 Nc6 3. Bb5 Nf6 4. d3 d6 5. O-O g6 6. c3 Bg7 7. h3 O-O 8. Nbd2 Nh5 9. Re1 Bd7 10. Nf1 f5 11. exf5 gxf5 12. Bc4+ Kh8 13. Ng5 Qe8 14. Nf7+ Rxf7 15. Qxh5 Rf6 16. Ng3 Qg6 17. Qxg6 Rxg6 18. Nh5 Bh6 19. Bxh6 Rxh6 20. Ng3 Rg6 21. Kh2 Na5 22. Bd5 Nc6 23. Rad1 Rf8 24. d4 e4 25. Nh5 Ne7 26. Bb3 d5 27. Nf4 Rd6 28. f3 c6 29. fxe4 fxe4 30. g3 Ng6 31. Rf1 Rdf6 32. Nxg6+ hxg6 33. Rxf6 Rxf6 34. Kg2 Kg7 35. Rf1 Bxh3+ 36. Kxh3 Rxf1 0-1


[Site "https://www.chess.com"]

[Event "Titled Tuesday Blitz August 16 Early 2022"]
[White "Martinez, Shawn"]
[Black "Tanenbaum, Zachary"]
[WhiteFideId "2039770"]
[BlackFideId "2060850"]
[WhiteElo "2174"]
[BlackElo "2175"]
[Result "1-0"]
[Round "02"]
[TimeControl "180+2"]
[Date "2022.08.18"]
[WhiteClock "0:00:00"]
[BlackClock "0:00:00"]

1. e4 e5 2. Nf3 Nc6 3. d4 exd4 4. Nxd4 Bc5 5. Nb3 Bb6 6. Qe2 Nf6 7. Bg5 h6 8. Bh4 O-O 9. Nc3 Re8 10. O-O-O d6 11. f3 a5 12. a4 Ne5 13. g4 Ng6 14. Bf2 Nf4 15. Qe1 Bxf2 16. Qxf2 Qe7 17. h4 Qe5 18. g5 hxg5 19. hxg5 Qxg5 20. Kb1 g6 21. Bc4 Kg7 22. Rdg1 Qe5 23. Nb5 d5 24. exd5 Nh3 25. Qd2 Bf5 26. N3d4 Rh8 27. Re1 Qf4 28. Qc3 Bd7 29. Re7 Bxb5 30. Ne6+ Kg8 31. Nxf4 Bxc4 32. Qxf6 Bxd5 33. Nxd5 1-0


[Site "https://www.chess.com"]

[Event "Titled Tuesday Blitz August 16 Early 2022"]
[White "McBryde, Lamel"]
[Black "Demidov, Mikhail"]
[WhiteFideId "2058596"]
[BlackFideId "4197143"]
[WhiteElo "2136"]
[BlackElo "2525"]
[Result "0-1"]
[Round "02"]
[TimeControl "180+2"]
[Date "2022.08.18"]
[WhiteClock "0:00:00"]
[BlackClock "0:00:00"]

1. Nf3 g6 2. e4 Bg7 3. Bd3 d6 4. O-O e6 5. Re1 Ne7 6. c3 h6 7. Bc2 b6 8. d4 Bb7 9. a4 a6 10. Na3 Nd7 11. Nc4 g5 12. Ne3 Ng6 13. b3 h5 14. e5 dxe5 15. Bxg6 fxg6 16. Qc2 Qf6 17. dxe5 Nxe5 18. Nxe5 Qxe5 19. Qxg6+ Kf8 20. Ba3+ Kg8 21. Be7 Rh6 22. Qxg5 Qxg5 23. Bxg5 Rg6 24. Bh4 Bxc3 25. Rac1 Bxe1 26. Rxe1 Rf8 27. Bg3 c5 28. Rd1 b5 29. Rd7 Ba8 30. axb5 axb5 31. Rc7 Rd8 32. Rxc5 b4 33. Rxh5 Rc8 34. h3 Rc3 35. Be5 Rc1+ 0-1


[Site "https://www.chess.com"]

[Event "Titled Tuesday Blitz August 16 Early 2022"]
[White "Melaugh, Shane"]
[Black "Lauridsen, Jesper Morch"]
[WhiteFideId "2509580"]
[BlackFideId "1401890"]
[WhiteElo "1946"]
[BlackElo "2221"]
[Result "0-1"]
[Round "02"]
[TimeControl "180+2"]
[Date "2022.08.18"]
[WhiteClock "0:00:00"]
[BlackClock "0:00:00"]

1. e4 c5 2. Nf3 Nc6 3. c4 g6 4. d4 cxd4 5. Nxd4 Bg7 6. Be3 Nh6 7. Nc3 f5 8. exf5 O-O 9. fxg6 Qa5 10. gxh7+ Kh8 11. Be2 Nxd4 12. Bxd4 e5 13. Be3 Nf5 14. Bd2 Qc5 15. O-O Nd4 16. Ne4 Qe7 17. Bg5 Qf7 18. Bg4 b6 19. h3 Qg6 20. f3 Bb7 21. Be3 Bxe4 22. fxe4 Qxe4 23. Bxd4 exd4 24. Bxd7 Qe3+ 25. Kh1 Be5 26. Qg4 d3 27. Rfe1 Qf4 28. Qxf4 Bxf4 29. Bg4 Bg3 30. Red1 Rad8 31. Rac1 d2 32. Rc2 Rfe8 33. Rg1 Re1 34. Bd1 Rxg1+ 35. Kxg1 Re8 36. Rxd2 Re1# 0-1


[Site "https://www.chess.com"]

[Event "Titled Tuesday Blitz August 16 Early 2022"]
[White "Melikyan, Gnel"]
[Black "Iljin, Timofey"]
[WhiteFideId "54109990"]
[BlackFideId "14110180"]
[WhiteElo "1772"]
[BlackElo "2404"]
[Result "0-1"]
[Round "02"]
[TimeControl "180+2"]
[Date "2022.08.18"]
[WhiteClock "0:00:00"]
[BlackClock "0:00:00"]

1. e4 d5 2. exd5 Nf6 3. Nc3 Nxd5 4. Nxd5 Qxd5 5. Qf3 Qd8 6. Bc4 e6 7. Ne2 Nc6 8. Bb3 Bd6 9. d4 O-O 10. c3 e5 11. Be3 Qe7 12. O-O-O e4 13. Qh5 g6 14. Qh6 Na5 15. Bg5 Nxb3+ 16. axb3 f6 17. Bf4 Be6 18. Bxd6 Qxd6 19. d5 Bg4 20. Qe3 a5 21. Kc2 a4 22. b4 a3 23. h3 Bd7 24. b3 a2 25. Kb2 Qa6 26. Ra1 Qa3+ 27. Kc2 Bb5 28. Nc1 Rfd8 29. c4 Bd7 30. Qc3 e3 31. g4 exf2 32. Rf1 Qa7 33. Nd3 Re8 34. Rxf2 Qe3 35. Kb2 Qxf2+ 36. Nxf2 Re2+ 37. Kc1 Rxf2 38. Qd3 Re8 39. Qd1 Ree2 40. b5 f5 41. g5 f4 42. c5 Bf5 43. d6 Rc2+ 44. Qxc2 Rxc2+ 45. Kd1 cxd6 46. cxd6 Kf7 0-1


[Site "https://www.chess.com"]

[Event "Titled Tuesday Blitz August 16 Early 2022"]
[White "Mendez Fortes, Eduardo Jesus"]
[Black "Floresvillar Gonzalez, Luis Migu"]
[WhiteFideId "3502376"]
[BlackFideId "5100542"]
[WhiteElo "2307"]
[BlackElo "2040"]
[Result "1-0"]
[Round "02"]
[TimeControl "180+2"]
[Date "2022.08.18"]
[WhiteClock "0:00:00"]
[BlackClock "0:00:00"]

1. e4 e5 2. Nf3 Nc6 3. Bb5 a6 4. Ba4 Nf6 5. O-O Be7 6. Re1 b5 7. Bb3 O-O 8. c3 d5 9. exd5 Nxd5 10. Nxe5 Nxe5 11. Rxe5 c6 12. d4 Bd6 13. Re1 Qh4 14. g3 Qh3 15. Re4 g5 16. Qe2 Bf5 17. Nd2 h6 18. f3 Nf6 19. Bc2 Nxe4 20. fxe4 Bg4 21. Qg2 Qxg2+ 22. Kxg2 f6 23. Nf1 Rae8 24. Ne3 Be6 25. Kf3 c5 26. d5 Bd7 27. a4 b4 28. c4 h5 29. b3 g4+ 30. Ke2 Be5 31. Ra2 Bd4 32. Bb2 f5 33. Ng2 fxe4 34. Nf4 Bxb2 35. Rxb2 Rf5 36. Ke3 Kg7 37. Bb1 Rfe5 38. Rf2 Rf8 39. a5 Rf6 40. Bc2 Kf7 41. Bd1 Bf5 42. Nxh5 Rh6 43. Bxg4 Kg6 44. Nf4+ Kg7 45. Be2 Bd7 46. h4 Rf6 47. Nh5+ Rxh5 48. Rxf6 Rxh4 49. Rd6 Rh3 50. Rxd7+ Kf6 51. Kf4 Rh2 52. Rd6+ Ke7 53. Re6+ Kd7 54. Rxe4 1-0


[Site "https://www.chess.com"]

[Event "Titled Tuesday Blitz August 16 Early 2022"]
[White "Mika, Tomasz"]
[Black "Barria Zuniga, Daniel"]
[WhiteFideId "1132970"]
[BlackFideId "3400816"]
[WhiteElo "2126"]
[BlackElo "2414"]
[Result "1-0"]
[Round "02"]
[TimeControl "180+2"]
[Date "2022.08.18"]
[WhiteClock "0:00:00"]
[BlackClock "0:00:00"]

1. c4 g6 2. g3 Bg7 3. Bg2 e6 4. e3 Ne7 5. Ne2 O-O 6. O-O d5 7. cxd5 exd5 8. d3 c6 9. Nbc3 Nd7 10. h4 Nf6 11. Nf4 d4 12. Ne4 Nf5 13. Nxf6+ Bxf6 14. e4 Ne7 15. Bd2 c5 16. Rc1 Qb6 17. Qc2 Bg4 18. Qxc5 Qxb2 19. Rc2 Qb6 20. e5 Qxc5 21. Rxc5 Bg7 22. Bxb7 Rab8 23. Rb1 Bf3 24. Rcb5 Rxb7 25. Rxb7 Bxb7 26. Rxb7 Nf5 27. e6 fxe6 28. Nxe6 Re8 29. Nxg7 Nxg7 30. Rxa7 Re2 31. Bf4 Ne6 32. Bh6 Re1+ 33. Kg2 Rd1 34. Re7 Re1 35. Kf3 Ng5+ 36. Bxg5 1-0


[Site "https://www.chess.com"]

[Event "Titled Tuesday Blitz August 16 Early 2022"]
[White "Mirzoev, Emil"]
[Black "Melikhov, Evgeny V."]
[WhiteFideId "14108640"]
[BlackFideId "4122046"]
[WhiteElo "2438"]
[BlackElo "1963"]
[Result "1-0"]
[Round "02"]
[TimeControl "180+2"]
[Date "2022.08.18"]
[WhiteClock "0:00:00"]
[BlackClock "0:00:00"]

1. Nf3 f5 2. e4 fxe4 3. Ng5 Nf6 4. d3 e5 5. dxe4 h6 6. Nf3 d6 7. Bc4 Nc6 8. Nc3 Bg4 9. h3 Bxf3 10. Qxf3 Qd7 11. O-O O-O-O 12. Be3 a6 13. b4 Nd4 14. Bxd4 exd4 15. Nd5 Nxd5 16. Bxd5 Be7 17. a4 Rhf8 18. Qd3 c6 19. Ba2 d5 20. exd5 cxd5 21. Qxd4 Bf6 22. Qc5+ Qc7 23. Qxc7+ Kxc7 24. Rad1 d4 25. Bc4 Kc6 26. Bd3 b5 27. Ra1 Kb6 28. axb5 axb5 29. Ra5 Ra8 30. Rfa1 Rxa5 31. Rxa5 Be7 32. Rxb5+ Kc6 33. g3 Bd6 34. Kg2 Rb8 35. Rxb8 Bxb8 36. Kf3 Bd6 37. b5+ Kc5 38. Ke4 g6 39. h4 Bc7 40. f4 Bd6 41. Kf3 g5 42. fxg5 hxg5 43. h5 Bf8 44. Kg4 Bh6 45. Kf5 g4 46. Kg6 1-0


[Site "https://www.chess.com"]

[Event "Titled Tuesday Blitz August 16 Early 2022"]
[White "Molina, Roberto Junio Brito"]
[Black "Yurovskykh, Oleksandr"]
[WhiteFideId "2109450"]
[BlackFideId "14134020"]
[WhiteElo "2403"]
[BlackElo "2292"]
[Result "1/2-1/2"]
[Round "02"]
[TimeControl "180+1"]
[Date "2022.08.16"]
[WhiteClock "0:00:05"]
[BlackClock "0:00:06"]

1. d4 d5 2. Nf3 Nf6 3. e3 c5 4. c3 Nbd7 5. Nbd2 e6 6. Bd3 Bd6 7. O-O O-O 8. e4 cxd4 9. cxd4 dxe4 10. Nxe4 Nxe4 11. Bxe4 Nf6 12. Bc2 b6 13. Bg5 Bb7 14. Qe2 Be7 15. Rad1 Qd5 16. a3 Rac8 17. Bb1 h6 18. Bh4 Rfd8 19. Rd2 Qh5 20. Bg3 Bxf3 21. Qxf3 Qxf3 22. gxf3 Nd5 23. Rfd1 Bg5 24. Re2 Rc6 25. Be4 h5 26. f4 Bf6 27. f5 Rc4 28. fxe6 fxe6 29. Be5 Rdc8 30. Bxd5 exd5 31. Bxf6 gxf6 32. Kg2 Kf7 33. Kf3 Rc2 34. Rdd2 Rxd2 35. Rxd2 Rc4 36. Ke3 Kg6 37. f3 Kf5 38. Rg2 a5 39. h4 a4 40. Kd3 b5 41. Rg8 b4 42. Rd8 Ke6 43. Ra8 b3 44. Ra6+ Kf5 45. Ke3 Rc2 46. Rxa4 Rxb2 47. Rb4 Rb1 48. Kd2 Kf4 49. Rb6 f5 50. Rd6 Ra1 51. Kc3 Rxa3 52. Rxd5 b2+ 53. Kxb2 Rxf3 54. Kc2 Kg4 55. Re5 Kxh4 56. d5 Kg5 57. d6 Rf2+ 58. Kc3 Rf1 59. Kc2 Rf2+ 60. Kd3 Rf1 61. Ke2 Rf4 62. Ke3 Rf1 63. Kd2 Rf2+ 64. Kd3 Rf3+ 65. Kc4 Rf1 66. d7 Rc1+ 67. Kd5 Rd1+ 68. Ke6 Rxd7 69. Kxd7 h4 70. Ke6 h3 71. Rxf5+ Kg4 72. Rf8 h2 73. Rh8 Kg3 74. Ke5 Kg2 75. Kf4 h1=Q 76. Rxh1 Kxh1 1/2-1/2


[Site "https://www.chess.com"]

[Event "Titled Tuesday Blitz August 16 Early 2022"]
[White "Moreira, Ronaldo Alonso"]
[Black "Mikhalsky, Vladimir"]
[WhiteFideId "2110547"]
[BlackFideId "14144352"]
[WhiteElo "2037"]
[BlackElo "2301"]
[Result "0-1"]
[Round "02"]
[TimeControl "180+2"]
[Date "2022.08.18"]
[WhiteClock "0:00:00"]
[BlackClock "0:00:00"]

1. d4 Nf6 2. c4 g6 3. Nc3 Bg7 4. e4 O-O 5. Nf3 d6 6. h3 e5 7. d5 Nh5 8. g3 a5 9. Be2 Na6 10. Be3 Nc5 11. Nd2 Nf6 12. g4 c6 13. Bxc5 dxc5 14. dxc6 bxc6 15. Nb3 Qe7 16. Qd2 Rd8 17. Qe3 Nd7 18. Na4 Bf6 19. Rd1 Bg5 20. Qc3 Bf4 21. Nxa5 Ra6 22. a3 Nf8 23. Rxd8 Qxd8 24. b4 cxb4 25. axb4 Ne6 26. O-O Nd4 27. Bd1 h5 28. Nb3 Rxa4 29. Nxd4 exd4 30. Qf3 Rxb4 31. Qxf4 hxg4 32. hxg4 c5 33. Be2 Be6 34. Bd3 Bxc4 35. Bxc4 Rxc4 36. Rb1 Rb4 37. Rxb4 cxb4 38. Qd2 b3 39. Qb2 Qb6 40. Kf1 d3 41. Ke1 Qb4+ 0-1


[Site "https://www.chess.com"]

[Event "Titled Tuesday Blitz August 16 Early 2022"]
[White "Mouhamad, Joachim"]
[Black "Morris, James"]
[WhiteFideId "656410"]
[BlackFideId "3205800"]
[WhiteElo "2147"]
[BlackElo "2410"]
[Result "1-0"]
[Round "02"]
[TimeControl "180+2"]
[Date "2022.08.18"]
[WhiteClock "0:00:00"]
[BlackClock "0:00:00"]

1. e4 Nc6 2. Nf3 d6 3. d4 Nf6 4. Nc3 Bg4 5. Be2 e6 6. Be3 Be7 7. O-O d5 8. e5 Nd7 9. Nd2 Bf5 10. f4 Nb4 11. Rc1 c5 12. Nb3 cxd4 13. Nxd4 Bg6 14. f5 exf5 15. e6 Nf6 16. Nxf5 fxe6 17. Nxg7+ Kf7 18. Nh5 Rf8 19. Bh6 Kg8 20. Bxf8 Qxf8 21. Nxf6+ Bxf6 22. Kh1 Qg7 23. a3 Bxc3 24. bxc3 Na2 25. Ra1 Nxc3 26. Qd2 Rc8 27. Bd3 Ne4 28. Qf4 b6 29. Rae1 h5 30. h3 Bf5 31. Kh2 Rf8 32. Qh4 Qc7+ 33. Qf4 Qg7 34. Qh4 Qc7+ 35. Kg1 Qc5+ 36. Kh1 Qc3 37. Bxe4 Bxe4 38. Qg5+ 1-0


[Site "https://www.chess.com"]

[Event "Titled Tuesday Blitz August 16 Early 2022"]
[White "Munkhgal, Gombosuren"]
[Black "Vovk, Orest"]
[WhiteFideId "4901266"]
[BlackFideId "14113490"]
[WhiteElo "2576"]
[BlackElo "2203"]
[Result "1-0"]
[Round "02"]
[TimeControl "180+1"]
[Date "2022.08.16"]
[WhiteClock "0:00:13"]
[BlackClock "0:00:01"]

1. d4 h6 2. e4 g5 3. h4 g4 4. h5 Bg7 5. c3 d5 6. e5 c5 7. Be2 f5 8. f3 Nc6 9. fxg4 cxd4 10. cxd4 Qb6 11. Nc3 Qxd4 12. Nxd5 Bxe5 13. Be3 Bg3+ 14. Kf1 Qxb2 15. Rb1 Qe5 16. Nf3 Qe4 17. g5 e6 18. Bf2 Qxd5 19. Qxd5 exd5 20. Bxg3 hxg5 21. Nxg5 Nf6 22. h6 Ne4 23. Bf4 Nxg5 24. Bxg5 b6 25. h7 Kf7 26. Bf3 Be6 27. Re1 Nd4 28. Bh5+ Kg7 29. Bc1 Kf6 30. Bb2 Kg5 31. Bxd4 Rxh7 32. Rxe6 Rxh5 33. Be3+ f4 34. Bxf4+ Kg4 35. Rxh5 Kxh5 36. Re5+ Kg4 37. g3 Rc8 38. Rxd5 1-0


[Site "https://www.chess.com"]

[Event "Titled Tuesday Blitz August 16 Early 2022"]
[White "Nakamura, Hikaru"]
[Black "Averjanov, Alexey"]
[WhiteFideId "2016192"]
[BlackFideId "14109867"]
[WhiteElo "2850"]
[BlackElo "2655"]
[Result "1-0"]
[Round "02"]
[TimeControl "180+1"]
[Date "2022.08.16"]
[WhiteClock "0:01:04"]
[BlackClock "0:00:09"]

1. g3 c5 2. Bg2 Nc6 3. d3 g6 4. Nc3 Bg7 5. Bd2 e6 6. Qc1 h5 7. h4 Nge7 8. Nh3 Nf5 9. e4 Nfd4 10. Nd1 d6 11. Ne3 Qc7 12. Qd1 Ne5 13. O-O Bd7 14. f4 Ng4 15. c3 Nxe3 16. Bxe3 Nc6 17. Ng5 f6 18. Nh3 f5 19. exf5 gxf5 20. Ng5 Bf6 21. Rc1 Bxg5 22. fxg5 O-O-O 23. b4 b6 24. d4 c4 25. Qe2 b5 26. a4 a6 27. axb5 axb5 28. Ra1 d5 29. Bf4 Qb6 30. Kh2 Kb7 31. Bf3 Ra8 32. Rxa8 Kxa8 33. Bxh5 Kb7 34. Bf7 Nd8 35. Bg6 Be8 36. Bxe8 Rxe8 37. h5 Nf7 38. g6 Nd6 39. Bxd6 Qxd6 40. Rxf5 Rh8 41. g7 Rg8 42. Rf7+ Kb6 43. h6 e5 44. Qh5 Ra8 45. h7 Ra2+ 46. Kh3 Qe6+ 47. Qf5 Qh6+ 48. Kg4 Rh2 49. Rf6+ 1-0


[Site "https://www.chess.com"]